Cogmind - Beta 16 @@@ ROGUE MODE // 2026.02.06 @ 06:35:26 Player: %41THX3142 Result: Destroyed by 6H-IOK(j) with Overtuned Pulse Rifle Performance ------------- Evolutions (0) 0 Regions Visited (3) 600 Robots Destroyed (2) 10 Value Destroyed (55) 55 Prototype IDs (0) 0 Alien Tech Used (0) 0 Bonus (300) 300 TOTAL SCORE: 965 Bonus ------- Registered with UFD 300 Cogmind --------- Core Integrity 0/250 Matter 125/300 Energy 70/100 System Corruption 0% Temperature Hot (297) Movement Core (150) Ox2 Location -9/Scraptown Parts ------- > --- POWER (1) -------- (None) > --- PROPULSION (2) --- (None) > --- UTILITY (2) ------ Small Storage Unit Visual Processing Unit > --- WEAPON (2) ------- Overtuned Pulse Rifle > --- INVENTORY (8) ---- Light Ion Engine Wheel Wheel Improved Heat Sink Makeshift System Restoration Module EM Pulse Gun Battle Rifle Makeshift Shrapnel Gun Peak State ------------ > --- POWER ------------ Light Angular Momentum Engine > --- PROPULSION ------- Compact Wheel Compact Wheel > --- UTILITY ---------- Small Storage Unit Subdweller Optics > --- WEAPON ----------- Assault Cannon Heavy Missile Launcher > --- INVENTORY -------- Light Ion Engine Wheel Wheel Improved Heat Sink Makeshift System Restoration Module EM Pulse Gun Battle Rifle Makeshift Shrapnel Gun [Rating: 18] Favorites ----------- Power Light Ion Engine Engine Light Ion Engine Propulsion Compact Wheel Wheel Compact Wheel Utility Small Storage Unit Device Subdweller Optics Storage Small Storage Unit Processor Visual Processing Unit Weapon Assault Rifle Energy Gun Overtuned Pulse Rifle Ballistic Gun Assault Rifle Ballistic Cannon Assault Cannon Launcher Heavy Missile Launcher Special Weapon CPS Tube Build | -11 -10 -10 -9 ------- Run | Yrd Mat Sub Scr Slots Evolved . | . . . . Power . | . . . . Propulsion . | . . . . Utility . | . . . . Weapon . | . . . . Parts Attached 14 | 6 1 1 6 Power 2 | 1 . . 1 Engine 2 | 1 . . 1 Core . | . . . . Reactor . | . . . . Propulsion 2 | 2 . . . Treads . | . . . . Leg . | . . . . Wheel 2 | 2 . . . Hover . | . . . . Flight . | . . . . Utility 4 | 1 1 1 1 Device 2 | . 1 1 . Storage 1 | 1 . . . Processor 1 | . . . 1 Hackware . | . . . . Protection . | . . . . Artifact . | . . . . Weapon 6 | 2 . . 4 Energy Gun 1 | . . . 1 Energy Cannon . | . . . . Ballistic Gun 2 | 2 . . . Ballistic Cannon 1 | . . . 1 Launcher 1 | . . . 1 Special Weapon 1 | . . . 1 Impact Weapon . | . . . . Slashing Weapon . | . . . . Piercing Weapon . | . . . . Special Melee Weapon . | . . . . Unidentified Prototypes . | . . . . Parts Lost 5 | . . . 5 Power 1 | . . . 1 Propulsion 2 | . . . 2 Utility . | . . . . Weapon 2 | . . . 2 Highest Loss Streak 5 | . . . 5 To Critical Strikes . | . . . . Average Backups 7 | 2 7 7 8 Power . | . 1 1 1 Propulsion 2 | . 5 3 2 Utility 1 | . . . 2 Weapon 2 | . 1 1 3 Tool/Special . | . . . . Unused Backups 12 | . . 5 7 Power 1 | . . . 1 Propulsion 6 | . . 4 2 Utility 2 | . . 1 1 Weapon 3 | . . . 3 Tool/Special . | . . . . Average Slot Usage (%) 97 | . 95 98 97 Engine 13 | . 14 13 13 Wheel 27 | . 28 28 27 Device 12 | . 10 13 11 Storage 14 | . 14 14 14 Ballistic Gun 12 | . 28 28 5 Ballistic Cannon 6 | . . . 9 Launcher 8 | . . . 12 Peak Build Rating 18 | 6 9 10 18 Average Rating 13 | 4 8 9 15 On Entrance 6 | . 6 9 9 Avg Prop Armor Cover (%) . | . . . . Naked Turns . | . . . . Heaviest Build 28 | 12 13 14 28 Greatest Support 32 | 32 32 32 32 Greatest Overweight (x) 1 | . . . 1 Average Overweight (x) . | . . . . Largest Inventory Capacity 8 | 8 8 8 8 Average Capacity 7 | 7 8 8 8 Most Carried 8 | 4 8 8 8 Average Carried 7 | 2 7 7 8 Final Capacity 8 | 8 8 8 8 Final Carried 8 | 4 8 8 8 Class Distribution -------------------- 100% | Mutant Dominant Class ---------------- Mutant | -10/Materials Mutant | -10/Subcaves Mutant | -9/Scraptown Resources | -11 -10 -10 -9 ----------- Run | Yrd Mat Sub Scr Matter Collected 422 | 282 42 98 . Remotely . | . . . . Salvage Created 203 | 84 . 64 55 Parts 9 | . . 6 3 Haulers Intercepted . | . . . . Recyclers Shooed . | . . . . Parts Field Recycled . | . . . . Retrieved Matter . | . . . . Parts Self-Destructed 7 | . . 7 . Prevented . | . . . . Parts Restored . | . . . . Kills | -11 -10 -10 -9 ------- Run | Yrd Mat Sub Scr Combat Hostiles Destroyed 1 | . . . 1 AOE 1 | . . . 1 Classes Destroyed 2 | 1 . . 1 Recycler 1 | 1 . . . Scrapper 1 | . . . 1 Best Kill Streak 1 | 1 . . 1 Combat Bots Only 1 | . . . 1 Max Kills in Single Turn 1 | 1 . . 1 Gunslinging . | . . . . Exploded 1 | . . . 1 Melee . | . . . . Uniques/NPCs Destroyed . | . . . . Combat | -11 -10 -10 -9 -------- Run | Yrd Mat Sub Scr Hostile Shots Fired 27 | . . 1 26 Missed 2 | . . 1 1 Hits 25 | . . . 25 Projectile 25 | . . . 25 Critical Strikes 1 | . . . 1 Damage Taken 585 | . . . 585 Core 258 | . . . 258 Absorbed by Shields . | . . . . Core Remaining (%) 100 | 100 . . . Volleys Fired 29 | 9 4 11 5 Largest 2 | 2 2 2 2 Hottest 80 | 40 40 40 80 Shots Fired 56 | 18 8 22 8 Gun 49 | 18 8 22 1 Cannon 4 | . . . 4 Launcher 2 | . . . 2 Special 1 | . . . 1 Kinetic 52 | 18 8 22 4 Thermal 1 | . . . 1 Explosive 2 | . . . 2 Electromagnetic . | . . . . Robot Hit Streak 24 | 4 . 24 5 Robot Miss Streak 2 | 2 . . 1 Penetration Max . | . . . . Secondary Targets . | . . . . Shots Hit Robots 36 | 10 . 21 5 Core Hits 9 | 2 . 4 3 Critical Kills . | . . . . Critical Parts Destroyed . | . . . . Critical Strikes . | . . . . Melee Attacks . | . . . . Impact . | . . . . Slashing . | . . . . Piercing . | . . . . Sneak Attacks . | . . . . Combat Hostiles . | . . . . Follow-up Attacks . | . . . . Damage Inflicted 764 | 127 15 267 355 Guns 434 | 127 15 267 25 Cannons 45 | . . . 45 Explosions 285 | . . . 285 Melee . | . . . . Ramming . | . . . . Kinetic 454 | 127 15 267 45 Thermal 25 | . . . 25 Explosive 285 | . . . 285 Electromagnetic . | . . . . Impact . | . . . . Slashing . | . . . . Piercing . | . . . . Highest Corruption . | . . . . Average Corruption . | . . . . Corruption Purged . | . . . . Corruption Blocked . | . . . . Overload Shots . | . . . . Overflow Damage 9 | . . . 9 Projectiles . | . . . . Explosions 9 | . . . 9 Melee . | . . . . Knockbacks 1 | . . . 1 Impact . | . . . . Kinetic 1 | . . . 1 Secondary . | . . . . Self-Inflicted Damage 56 | . . . 56 Shots 2 | . . . 2 Rammed . | . . . . Targets Rammed . | . . . . Kicked . | . . . . Crushed . | . . . . Highest Temperature 261 | . . . 261 Average Temperature 140 | . . . 140 Received Heat Transfer 325 | . . . 325 Siege Activations . | . . . . Martial Activations . | . . . . Shielding Activations . | . . . . Robots Disrupted . | . . . . Combat Hostiles . | . . . . Robots Corrupted . | . . . . Combat Hostiles . | . . . . Parts Fried . | . . . . Impact Corruptions . | . . . . Robots Melted . | . . . . Combat Hostiles . | . . . . Parts Melted . | . . . . Heat Transferred 37 | . . . 37 Parts Sabotaged . | . . . . Parts Stolen . | . . . . Parts Stripped . | . . . . Power Chain Reactions . | . . . . Alert | -11 -10 -10 -9 ------- Run | Yrd Mat Sub Scr Maximum Alert Level . | . . . . Low Security (%) 100 | 100 100 . . Level 1 . | . . . . Level 2 . | . . . . Level 3 . | . . . . Level 4 . | . . . . Level 5 . | . . . . High Security . | . . . . Max Security . | . . . . Peak Influence 5 | 5 3 . . Initial 3 | . 3 . . Average . | . . . . Influence Increases 5 | 5 . . . Destroy 0b10 Robot/NC 5 | 5 . . . Influence Decreases 5 | . 5 . . Entered New Map 2 | . 2 . . Time Decay 3 | . 3 . . Squads Dispatched 1 | . 1 . . Investigation . | . . . . Extermination . | . . . . Reinforcement 1 | . 1 . . Assault . | . . . . Garrison . | . . . . Intercept . | . . . . Searches Triggered . | . . . . Construction Impeded . | . . . . Haulers Reinforced . | . . . . Active Scanning Responses . | . . . . Cargo Convoy Interrupts . | . . . . Stealth | -11 -10 -10 -9 --------- Run | Yrd Mat Sub Scr Distress Signals . | . . . . Communications Jammed . | . . . . Distress Signals . | . . . . Times Spotted 10 | . 1 4 5 Peak Tracking Total 6 | . 1 2 6 Tactical Retreats . | . . . . Traps | -11 -10 -10 -9 ------- Run | Yrd Mat Sub Scr Traps Triggered . | . . . . Indirectly . | . . . . Trap Hack Attempts . | . . . . Triggered . | . . . . Disarmed . | . . . . Reprogrammed . | . . . . Reused . | . . . . Traps Extracted . | . . . . Installed . | . . . . Triggered . | . . . . Machines | -11 -10 -10 -9 ---------- Run | Yrd Mat Sub Scr Machines Disabled 1 | . . . 1 Max in Single Turn 1 | . . . 1 Machines Repaired . | . . . . Machines Dismantled . | . . . . Machines Sabotaged . | . . . . Overloaded Fab Kills . | . . . . Hacking | -11 -10 -10 -9 --------- Run | Yrd Mat Sub Scr Machines Accessed 5 | . . . 5 Terminals . | . . . . Fabricators . | . . . . Repair Stations . | . . . . Recycling Units . | . . . . Scanalyzers . | . . . . Garrison Access . | . . . . Total Hacks 36 | . . . 36 Successful 36 | . . . 36 Failed . | . . . . Catastrophic . | . . . . Database Lockouts . | . . . . Manual 8 | . . . 8 Terminals . | . . . . Fabricators . | . . . . Repair Stations . | . . . . Recycling Units . | . . . . Scanalyzers . | . . . . Garrison Access . | . . . . Terminal Hacks 36 | . . . 36 Record 36 | . . . 36 Fabricator Hacks . | . . . . Repair Station Hacks . | . . . . Recycling Unit Hacks . | . . . . Scanalyzer . | . . . . Garrison Access Hacks . | . . . . Unauthorized Hacks . | . . . . Terminals . | . . . . Fabricators . | . . . . Repair Stations . | . . . . Recycling Units . | . . . . Scanalyzers . | . . . . Garrison Access . | . . . . Data Cores Recovered . | . . . . Used . | . . . . Hacking Detections . | . . . . Full Trace Events . | . . . . Feedback Events . | . . . . Feedback Blocked . | . . . . Robot Schematics Acquired . | . . . . Robots Built . | . . . . Authchips . | . . . . Time . | . . . . Total Robot Build Rating . | . . . . Part Schematics Acquired . | . . . . Parts Built . | . . . . Authchips . | . . . . Time . | . . . . Total Part Build Rating . | . . . . Part Studies Acquired . | . . . . Parts Repaired . | . . . . Time . | . . . . Parts Recycled . | . . . . Recycled Matter . | . . . . Retrieved Matter . | . . . . Retrieved Components . | . . . . Parts Scanalyzed . | . . . . Part Schematics Acquired . | . . . . Parts Damaged . | . . . . Bothacking | -11 -10 -10 -9 ------------ Run | Yrd Mat Sub Scr Used RIF Installer . | . . . . Robots Hacked . | . . . . Non-combat . | . . . . Combat . | . . . . Robot Hacks Applied . | . . . . Relay Couplers Released . | . . . . Fabnet Peak Effective % . | . . . . Robots Rewired . | . . . . Allies Hacked . | . . . . Hacks Repelled . | . . . . Allies | -11 -10 -10 -9 -------- Run | Yrd Mat Sub Scr Total Allies . | . . . . Largest Group . | . . . . Highest-Rated Group . | . . . . Highest-Rated Ally . | . . . . Total Orders . | . . . . Ally Attacks . | . . . . Total Damage . | . . . . Kills . | . . . . Allies Corrupted . | . . . . Allies Melted . | . . . . Intel | -11 -10 -10 -9 ------- Run | Yrd Mat Sub Scr Active Infowar (turns) 957 | . . 61 896 Optics 957 | . . 61 896 Robot Analysis Total . | . . . . Derelict Logs Recovered 2 | . . 1 1 Drone Launches . | . . . . Drone Recoveries . | . . . . Exploration | -11 -10 -10 -9 ------------- Run | Yrd Mat Sub Scr Turns Passed 2059 | 99 170 427 1363 Spaces Moved 1814 | 66 130 320 1298 Core 16 | 13 . . 3 Treads . | . . . . Legs . | . . . . Wheels 1798 | 53 130 320 1295 Hover . | . . . . Flight . | . . . . Fastest Speed 50 | 50 100 100 100 Average Speed 99 | 90 100 100 100 Slowest Speed 100 | 100 100 100 100 Overloaded Moves . | . . . . Propulsion Burnouts . | . . . . Robots Hopped . | . . . . Potential Cave-ins . | . . . . Cave-ins Triggered . | . . . . Exploration Rate (%) 27 | 4 25 23 58 Regions Visited 3 Branch Regions 2 Pre-discovered Areas 2 | . . . 2 Known Exits Taken . | . . . . Unknown Exits Taken 3 | 1 1 1 . Scrap Searched . | . . . . Spaces Dug . | . . . . Terrain Destroyed 49 | . . . 49 Melee . | . . . . Projectile 1 | . . . 1 AOE 48 | . . . 48 Terrain Rammed . | . . . . Walls Destroyed . | . . . . Machines Disabled . | . . . . Actions | -11 -10 -10 -9 --------- Run | Yrd Mat Sub Scr Total 2009 | 85 161 408 1355 Wait 107 | . 23 57 27 Move 1811 | 65 129 319 1298 Hop . | . . . . Pick Up 15 | 5 4 6 . Fast Attach 22 | 5 1 3 13 Attach 1 | 1 . . . Detach 1 | . . 1 . Swap . | . . . . Drop 21 | . . 9 12 Fire 29 | 9 4 11 5 Melee . | . . . . Ram . | . . . . Kick . | . . . . Crush . | . . . . Escape Stasis . | . . . . Rewire 2 | . . 2 . Trap . | . . . . Miscellaneous . | . . . . Route ------- -11/Scrapyard -10/Materials (discovered 2 exits: [*Mat] / [*Sub]) -10/Subcaves -9/Scraptown History --------- Turn | Location | Event 11 | -11/Scrapyard | Discovered new exit (range 15) 100 | -11/Scrapyard | Entered Materials 101 | -10/Materials | Met a group of wandering Federalists 211 | -10/Materials | Discovered new exit (range 16) 229 | -10/Materials | Discovered new exit (range 8) 270 | -10/Materials | Entered Subcaves 271 | -10/Subcaves | Continued accompanying wandering Federalists (5) 315 | -10/Subcaves | Build established: Mutant 537 | -10/Subcaves | Shifting Twisted Machinery released Mak. System Restoration Module 538 | -10/Subcaves | Shifting Twisted Machinery released Mak. Shrapnel Gun 568 | -10/Subcaves | Learned Materials trap positions 697 | -10/Subcaves | Entered Scraptown 745 | -9/Scraptown | Heard Great Nut preacher, LISTEN AND RECITE! 1257 | -9/Scraptown | Scanned Subdweller tech in exchange for log data 1260 | -9/Scraptown | Learned 8 Factory zone layouts 1312 | -9/Scraptown | Visited TADAMA 1343 | -9/Scraptown | Visited Artisan Demo Area 1407 | -9/Scraptown | Visited Awakened 1442 | -9/Scraptown | Visited UFD Registry 1443 | -9/Scraptown | Registered with UFD as "Steeleater" 1477 | -9/Scraptown | Visited SPCMW 1523 | -9/Scraptown | Visited Cave Peace 1579 | -9/Scraptown | Visited Cyclists 1597 | -9/Scraptown | Entered Cyclist Reading Room 1603 | -9/Scraptown | Learned location of Zion (-7) 1696 | -9/Scraptown | Visited IN-MT5's Study 1878 | -9/Scraptown | Attacked by Scraptown defenders 2058 | -9/Scraptown | Core integrity fell below 50% 2060 | -9/Scraptown | Destroyed by 6H-IOK(j) with Overtuned Pulse Rifle Last Messages --------------- only have yourself to blame! 01991_ Acquired Visual Processing Unit. 02046_ Com. Wheel destroyed. 02046_ Destroyed Com. Wheel. 02047_ Com. Wheel destroyed. 02048_ The unstable cave ceiling collapses. 02049_ 6H-IOK(j): "If it isn't public enemy #1: the new Steeleater!" 02050_ 1K-O3I(j) heat damages Mak. Salvage Targeting Computer. 02050_ Critical hit (Burn: +50). 02050_ 1K-O3I(j) destroyed. 02052_ Hvy. Missile Launcher destroyed. 02053_ HT-G1V(j) knocked back. 02054_ Assault Cannon destroyed. 02054_ Lgt. Angular Momentum Engine destroyed. 02057_ The unstable cave ceiling collapses. 02057_ Scrap Suit crushed. 02057_ The unstable cave ceiling collapses. 02058_ Acquired Ovr. Pulse Rifle. [Achievement: There's More Where That Came From] 02060_ The unstable cave ceiling collapses. Map ----- +----------------------------------------------------+ | | | | | | | | | | | | | | | | | | | | | | | | | | | | | | | | | | | | | | | | | ??#?#######???????????????????? | | ?## # # ##########??????????? | | ?# % # #"""""""#??????????? | | ?# ## #" "#??????????? | | ?# !j j """ "#?????#####? | | ??# @ ##" """ "#?????"""""? | | ??# j ##" """ "#?????? "? | | ??# ##" "#????"" "? | | ??# ## ##""" """###??""" "? | | ??### #### #?#"" "" | | ??#"" """" ###""" """ | | ??#" """" | | ??#"" """ | | ??#""" | | ??#""" " ###### #?? | | ??#"" " ###### ### | | ??#""""""" #""""" """ | | ??######## #" " " | | ?????????### #""" ""#" " " | | ???????????# #""" "#" " " | | ???????????# #""" "#""""" """ | | ???????????# #"" "###### ### | | ???????????# #" "#""""" """ | | ???????????# #""" ""#" " " | | ???????????# #### ###" " " | | ???????????# #??# " " | | ???#####???# #??#####""""" """ | | ???#"""#??## ##?????###### ### | | ???#"" #??# ############ ### | | ???# #??# | +----------------------------------------------------+ Best States ------------- Heat Dissipation 39 Energy Generation 18 Energy Capacity 150 Matter Stores 300 Matter Capacity 300 Sight Range 21 Terrain Scan Density 10 Evasion (%) 50 Item Schematics ----------------- None Robot Schematics ------------------ None Fabricated ------------ Nothing Repaired ---------- Nothing Studied --------- None Alien Tech Used ----------------- None Achievements -------------- Bob, First Of His Name Civilization 2243 I Have A Map? Organ Harvest Spot Them First Strength In Numbers There's More Where That Came From Challenges ------------ None Game ------ Seed SkeletonSuspensionMace Manual? 0 Play Time 01:32:45 Cumulative 49.5 hours Start 2026.02.05 @ 04:46:53 End 2026.02.06 @ 06:35:26 Sessions 27 Manual Loads 0 Difficulty Rogue Special Mode None Game No. 41 Rogue 41 Adventurer 0 Explorer 0 Win Type - Total 0 Types 0/0/0/0/0/0/0/0/0/0 Lore% 19 Gallery% 27 Achievement% 16 Wizard Run 0 Options --------- Layout 0 ASCII 0 Keyboard 1 Movement Vi Keybinds 0 Fullscreen 2 Font 36/Terminus Map View 76x50 Zoom Use 0% Tactical HUD 1 Map Filters NONE Filters NONE Steam 1 RUN: ea6e88fa-d97e-4979-82a5-a0dcb1eaefa6